 Dungeon Crawl Stone Soup version 0.27.1-1-g398f81649c (webtiles) character file.

Game seed: 7740574457752283698

46 acemry the Changer (level 3, -1/23 HPs)
             Began as an Octopode Transmuter on Sept 5, 2021.
             Slain by Natasha (2 damage)
             ... on level 2 of the Dungeon.
             The game lasted 00:02:38 (1789 turns).

acemry the Changer (Octopode Transmuter)            Turns: 1789, Time: 00:02:39

Health: -1/23      AC:  1    Str:  9    XL:     3   Next: 68%
Magic:  6/6        EV: 13    Int: 16    God:
Gold:   53         SH:  0    Dex: 12    Spells: 5/6 levels left

rFire    . . .     SeeInvis .     - Unarmed
rCold    . . .     Faith    .   (no shield)
rNeg     . . .     Spirit   .   (helmet currently unavailable)
rPois    .         Reflect  .   (no amulet)
rElec    .         Harm     .   (no ring)
rCorr    .         Rampage  .   (no ring)
Will     .....                  (no ring)
Stlth    ++........             (no ring)
HPRegen  0.07/turn              (no ring)
MPRegen  0.10/turn              (no ring)
                                (no ring)
                                (no ring)

@: appendages, slowed, very slow
A: tentacle spike 3, almost no armour, amphibious, 8 rings, camouflage 1,
gelatinous body 1, (nimble swimmer 1), tentacles
a: End Transformation


You were on level 2 of the Dungeon.
One of your tentacles had grown a beastly spike.
You visited 1 branch of the dungeon, and saw 2 of its levels.

You collected 75 gold pieces.
You spent 22 gold pieces at shops.

Inventory:

Scrolls
 c - a scroll of enchant weapon
 d - a scroll of acquirement {unknown}
 e - a scroll of amnesia {unknown}
Potions
 a - a potion of curing {unknown}
 b - a potion of ambrosia {unknown}


   Skills:
 - Level 1.0 Fighting
 - Level 2.0 Dodging
 - Level 3.0 Unarmed Combat
 - Level 2.0 Spellcasting
 + Level 3.9 Transmutations


You had 5 spell levels left.
You knew the following spells:

 Your Spells              Type           Power      Damage    Failure   Level
a - Beastly Appendage     Tmut           28%        N/A       4%          1

Your spell library contained the following spells:

 Spells                   Type           Power      Damage    Failure   Level
 Wereblood                Tmut           14%        N/A       6%          2
 Spider Form              Tmut/Pois      3%         N/A       28%         3
 Ice Form                 Ice/Tmut       7%         N/A       67%         4


Dungeon Overview and Level Annotations

Branches:
Dungeon (2/15)

Altars:

Shops:
D:1 !*   D:2 (

Annotations:
D:2 Natasha


Innate Abilities, Weirdness & Mutations

One of your tentacles has grown a beastly spike.
You cannot wear most types of armour.
You are amphibious.
You can wear up to eight rings at the same time.
Your skin changes colour to match your surroundings (Stealth+).
Your rubbery body absorbs attacks. (AC +1, EV +1)
((You are camouflaged near water. (Stealth+)))
You have tentacles for arms and can constrict up to eight enemies at once.


Message History

Increase (S)trength, (I)ntelligence, or (D)exterity?
You feel clever.
Your transformation is almost over.
Your tentacle spike disappears.
You feel yourself speed up.
You see here a +0 leather armour.
Natasha, Servant of Life and Death comes into view.
Natasha is nearby!
One of your tentacles grows a vicious spike.
Natasha hisses angrily.
You tentacle-slap Natasha but do no damage.
Your grab misses Natasha. Your squeeze misses Natasha.
Natasha barely misses you.
You closely miss Natasha. Your grab misses Natasha.
You pierce Natasha, but do no damage.
Natasha hisses.
Natasha claws you.
You tentacle-slap Natasha but do no damage.
Your grab misses Natasha. Natasha casts a spell at you.
You feel yourself slow down.
You tentacle-slap Natasha but do no damage.
You grab Natasha.
You pierce Natasha, but do no damage.
You constrict Natasha, but do no damage.
Natasha casts a spell at you. The magic dart hits you. Natasha claws you!
You are too injured to fight recklessly!
You are too injured to fight recklessly!
You are too injured to fight recklessly!
You are too injured to fight recklessly!
You barely miss Natasha.
You constrict Natasha, but do no damage.
Natasha closely misses you.
You tentacle-slap Natasha but do no damage.
You constrict Natasha, but do no damage.
Natasha stares at you and mumbles some strange words.
The magic dart hits you!
* * * LOW HITPOINT WARNING * * *
Natasha claws you.
You die...

# ### .. #.. ... #.# .... #.#
..... #.#
......################.#
......h@....[...........
#.########.###........##.#
###.. ................##.# ....
................##.#
###..#######.###........##.#
.......................##.#
#######..######.##.........##.#
#................+.........##.#
#.........##....##)........##.#


You could see Natasha.

Vanquished Creatures
  Natasha (D:2)
  A worm (D:2)
  2 endoplasms (D:1)
  3 goblins
  3 jackals (D:1)
  2 ball pythons (D:1)
  3 bats
  A frilled lizard (D:2)
  2 kobolds (D:1)
  A rat (D:2)
19 creatures vanquished.

Notes
Turn   | Place    | Note
-------+----------+-------------------------------------------
     0 | D:1      | acemry the Octopode Transmuter began the quest for the Orb.
     0 | D:1      | Reached XP level 1. HP: 13/13 MP: 3/3
    62 | D:1      | Found Lememul's Assorted Antiques.
   361 | D:1      | Reached XP level 2. HP: 11/18 MP: 3/5
   709 | D:1      | Bought a scroll labelled YRGHISTR TOIR ZOE for 22 gold
                  | pieces
  1035 | D:1      | Found Wiugeb's Distillery.
  1286 | D:2      | Found Last's Antique Weapon Shoppe.
  1639 | D:2      | Noticed Natasha
  1648 | D:2      | Noticed a crimson imp
  1649 | D:2      | Noticed a crimson imp
  1649 | D:2      | Killed Natasha
  1650 | D:2      | Reached XP level 3. HP: 19/23 MP: 4/6
  1780 | D:2      | Noticed Natasha
  1789 | D:2      | HP: 1/23 [Natasha/magic dart (7)]
  1789 | D:2      | Slain by Natasha

Illustrated notes

Levels and vault maps discovered:
D:1:      dpeg_arrival_orchard, layout_loops_ring, serial_shops,
          nicolae_shop_overgrown_old_shop, nicolae_shop_stone
D:2:      wad_river_or_something, layout_basic, serial_shops,
          nicolae_shop_overgrown_old_shop, uniq_natasha

Skill      XL: |  1  2 |
---------------+-------+-----
Transmutations | 3 |  3.9
Fighting       | |  1.0
Dodging        | |  2.0
Unarmed Combat | |  3.0
Spellcasting   | |  2.0

Action                   || total
-------------------------++-------
Melee: Unarmed           ||    51
       Kick              ||    18
       Constrict         ||    14
       Tentacles         ||     6
       Punch             ||     1
 Cast: Beastly Appendage ||    18
  Use: Scroll            ||     4
 Stab: Sleeping          ||     4
Armor: Skin              ||     6
Dodge: Dodged            ||    19
